 Dungeon Crawl Stone Soup version 0.30-a0-636-g200c5c4a83 (webtiles) character file.

Game seed: 14890471757858475120

390 Alitron123 the Trooper (level 7, 0/55 HPs)
             Began as a Human Berserker on Jan 14, 2023.
             Was a Priest of Trog.
             Slain by an orc priest
             ... wielding a +0 flail
              (5 damage)
             ... on level 4 of the Dungeon on Jan 15, 2023.
             The game lasted 00:11:21 (2802 turns).

Alitron123 the Trooper (Human Berserker)            Turns: 2802, Time: 00:11:21

Health: 0/55       AC:  7    Str: 19    XL:     7   Next: 7%
Magic:  7/7        EV: 17    Int:  7    God:    Trog [***...]
Gold:   208        SH:  0    Dex: 13    Spells: 6/6 levels left

rFire   . . .      SeeInvis .    e - +0 short sword (drain)
rCold   + . .      Faith    .    (no shield)
rNeg    . . .      Spirit   .    f - +2 ring mail {rPois}
rPois   +          Reflect  .    (no helmet)
rElec   .          Harm     .    i - scarf {+Inv}
rCorr   .          Rampage  .    (no gloves)
Will    .....                    (no boots)
Stlth   +                        (no amulet)
HPRegen 0.29/turn                d - ring of protection from cold
MPRegen 0.10/turn                k - +5 ring of evasion

@: on berserk cooldown, slowed, very slow
A: no striking features
a: Renounce Religion, Evoke Invisibility, Berserk, Trog's Hand


You were on level 4 of the Dungeon.
You worshipped Trog.
Trog was most pleased with you.
You visited 1 branch of the dungeon, and saw 4 of its levels.

You collected 208 gold pieces.

Inventory:

Hand Weapons
 a - a +0 falchion
 e - a +0 short sword of draining (weapon)
Armour
 f - a +2 ring mail of poison resistance (worn)
 i - a scarf of invisibility (worn)
Jewellery
 d - a ring of protection from cold (left hand)
 j - a ring of resist corrosion
 k - a +5 ring of evasion (right hand)
 l - a ring of poison resistance
 m - a ring of willpower
Wands
 n - a wand of digging (6)
Scrolls
 h - a scroll of teleportation
Potions
 b - a potion of degeneration
 c - a potion of flight
 o - 2 potions of curing


   Skills:
 + Level 4.3 Fighting
 + Level 2.8(3.7) Short Blades
 + Level 3.6(4.1) Long Blades
 + Level 0.5 Throwing
 + Level 3.6 Armour
 + Level 3.3 Dodging
 + Level 1.1 Stealth


You had 6 spell levels left.
You didn't know any spells.
Your spell library contained the following spells:

 Spells                   Type           Power      Damage    Failure   Level
 Ensorcelled Hibernation  Hex/Ice        0%         N/A       75%         2
 Spider Form              Tmut/Pois      0%         N/A       93%         3
 Anguish                  Hex/Necr       0%         N/A       100%        4
 Cause Fear               Hex            0%         N/A       100%        4
 Dragon Form              Tmut           0%         N/A       100%        7
 Dragon's Call            Summ           0%         N/A       100%        9


Dungeon Overview and Level Annotations

Branches:
Dungeon (4/15)
 Temple: D:4-7

Altars:

Shops:
D:1 [


Message History

You hit the phantom.
You destroy the phantom!
Trog accepts your kill.
You have reached level 7!
You puncture the quokka!
You kill the quokka!
Trog accepts your kill.
You puncture the orc!
You kill the orc!
Trog accepts your kill.
You barely miss the giant cockroach. The giant cockroach misses you.
You puncture the giant cockroach!
You kill the giant cockroach!
Trog accepts your kill.
You hit the orc. You drain the orc.
You kill the orc!
Trog accepts your kill.
The orc shouts!
The orc priest looks braver for a moment.
Things that are here:
a +0 short sword; a +0 leather armour You feel a strong urge to attack something.
You are no longer berserk.
You are exhausted.
You feel yourself slow down. The orc priest closely misses you.
You completely miss the orc priest. The orc priest closely misses you.
You hit the orc priest. You drain the orc priest.
The orc priest is heavily wounded.
The orc priest closely misses you.
You barely miss the orc priest.
The orc priest is heavily wounded.
The orc priest invokes the aid of Beogh against you.
Pain shoots through your body!
* * * LOW HITPOINT WARNING * * *
You barely miss the orc priest.
The orc priest is heavily wounded.
The orc priest hits you with a +0 flail.
* * * LOW HITPOINT WARNING * * *
The orc priest hits you with a +0 flail.
You die...

#................$.....
#....................#
#....................#
#..K.....$.....<.....#
#...$.....?..........##
.####.######...........
#. o######.o......###
..............#
##....o@).....#
#))#....).$...#
#)##..........#
#)##..........#
##)##.........##
##.∩####......## ##...#
#.###### #..### #.##
#.## #..#


You could see an orc priest (very drained) and an orc.

Vanquished Creatures
  An ogre (D:3)
  A phantom (D:4)
  An iguana (D:4)
  Jessica (D:2)
  2 orc wizards
  2 adders
  An ufetubus (D:3)
  6 dart slugs
  13 orcs
  8 ball pythons
  9 endoplasms
  2 giant cockroaches
  4 goblins
  A hobgoblin (D:1)
  7 kobolds
  7 quokkas
  3 bats
  3 frilled lizards
  8 rats
  A spectral goblin (D:3)
81 creatures vanquished.

Notes
Turn   | Place    | Note
-------+----------+-------------------------------------------
     0 | D:1      | Alitron123 the Human Berserker began the quest for the Orb.
     0 | D:1      | Reached XP level 1. HP: 18/18 MP: 1/1
    47 | D:1      | Found Rutonaq's Antique Armour Emporium.
   129 | D:1      | Reached XP level 2. HP: 23/24 MP: 2/2
   374 | D:1      | Reached XP level 3. HP: 29/29 MP: 3/3
   570 | D:1      | Reached ** piety under Trog
  1014 | D:2      | Reached XP level 4. HP: 36/36 MP: 4/4
  1243 | D:2      | Noticed Jessica
  1247 | D:2      | Killed Jessica
  1381 | D:2      | Reached skill level 1 in Short Blades
  1775 | D:3      | Found a faded altar of an unknown god.
  1914 | D:3      | Reached XP level 5. HP: 42/42 MP: 5/5
  2516 | D:4      | Noticed a phantom
  2529 | D:4      | Noticed an ogre
  2542 | D:3      | Killed an ogre
  2543 | D:3      | Reached skill level 4 in Fighting
  2543 | D:3      | Reached skill level 1 in Stealth
  2543 | D:3      | Reached XP level 6. HP: 14/48 MP: 6/6
  2580 | D:4      | Reached *** piety under Trog
  2792 | D:4      | Reached XP level 7. HP: 27/55 MP: 7/7
  2802 | D:4      | Slain by an orc priest

Illustrated notes

Levels and vault maps discovered:
D:1:      pf_arrival_petrified_forest, layout_loops_ring, serial_shops,
          nicolae_shop_advertising_works [nicolae_subvault_shop_adworks],
          grunt_decor_one_mirror, st_stairs_14, minmay_close_crescents
D:2:      cheibrodos_helix_gallery, layout_basic, dreamdust_princess_bridge,
          uniq_jessica
D:3:      layout_loops_cross, dreamdust_ecumenical_altar_drowned_temple
D:4:      layout_rooms, serial_shops, shop, nicolae_lakefront_shop,
          nicolae_shop_temple_entry_statues_fountains, abandoned_shop

Skill      XL: |  1  2  3  4  5 |
---------------+----------------+-----
Short Blades   | 1 2 |  2.8
Fighting       | 4 |  4.3
Armour         | 3 |  3.6
Dodging        | 3 |  3.3
Stealth        | 1 |  1.1
Long Blades    | |  3.6
Throwing       | |  0.5

Action                   |  1- 3 |  4- 6 |  7- 9 || total
-------------------------+-------+-------+-------++-------
Melee: Falchion          |    22 |       |       ||    22
       Short sword       |    82 |   186 |     9 ||   277
       Punch             |     1 |     3 |       ||     4
Throw: Dart              |       |     5 |       ||     5
Invok: Trog's Hand       |       |     1 |       ||     1
       Berserk           |       |     1 |       ||     1
  Use: Scroll            |     2 |     4 |       ||     6
       Potion            |       |     3 |       ||     3
 Stab: Sleeping          |     1 |       |       ||     1
Armor: Animal skin       |     3 |       |       ||     3
       Ring mail         |    19 |    50 |       ||    69
Dodge: Dodged            |    74 |   135 |     4 ||   213

Table legend: (Time is in decaauts)
 A = Elapsed time spent in this place.
 B = Non-inter-level travel time spent in this place.
 C = Inter-level travel time spent in this place.
 D = Time resting spent in this place.
 E = Time spent auto-exploring this place.
 F = Levels seen in this place.
 G = Mean time per level.
                   A        B        C        D        E       F      G
               +--------+--------+--------+--------+--------+-----+--------+
         Total |   2766 |   2018 |    748 |      0 |   1370 |   4 |  691.5 |
       Dungeon |   2766 |   2018 |    748 |      0 |   1370 |   4 |  691.5 |
               +--------+--------+--------+--------+--------+-----+--------+

Top non-repeatable levels by time:
     D:1: 921 daAuts
     D:3: 818 daAuts
     D:2: 805 daAuts
     D:4: 221 daAuts
